 Seeded DCSS version 0.30-a0-218-gedb9141078 (webtiles) character file.

Game seed: 3736021085809959607 (custom seed)

41500 purpskrrrp the Reanimator (level 13, -4/115 HPs)
             Began as a Demonspawn Fighter on Oct 6, 2022.
             Was a High Priest of Cheibriados.
             Killed from afar by a lindwurm (11 damage)
             ... with a blast of flame
             ... on level 3 of the Lair of Beasts.
             The game lasted 00:43:12 (17572 turns).

purpskrrrp the Reanimator (Demonspawn Fighter)     Turns: 17572, Time: 00:43:12

Health: -4/115     AC: 31    Str: 40    XL:     13   Next: 80%
Magic:  31/31      EV:  6    Int: 30    God:    Cheibriados [*****.]
Gold:   4059       SH: 25    Dex: 27    Spells: 20/23 levels left

rFire   . . .      SeeInvis +    H - +6 broad axe "Ojuezif" {elec, rCorr}
rCold   x . .      Faith    .    y - +0 tower shield
rNeg    . . .      Spirit   .    U - +4 storm dragon scales "Seih" {rElec rC- SInv Stlth+}
rPois   .          Reflect  +    a - +3 hat of Pondering {ponderous, Will+ MP+10 Int+5}
rElec   +          Harm     .    n - +1 cloak
rCorr   +          Rampage  .    (gloves unavailable)
Will    +....                    S - +2 pair of boots "Wubes" {rElec Slay+5 Stlth+}
Stlth   +.........               e - amulet of reflection
HPRegen 0.39/turn                g - +4 ring of slaying
MPRegen 0.22/turn                T - +6 ring of strength

@: flying, studying Necromancy, very slow
A: claws 3, yellow scales 3, icemail 2, condensation shield, robust 1
a: Renounce Religion, Bend Time, Temporal Distortion, Slouch, Step From Time


You were on level 3 of the Lair of Beasts.
You worshipped Cheibriados.
Cheibriados was extremely pleased with you.
You visited 2 branches of the dungeon, and saw 16 of its levels.
You also visited: Sewer, Bailey and Volcano.

You collected 4231 gold pieces.
You spent 172 gold pieces at shops.

Inventory:

Hand Weapons
 H - the +6 broad axe "Ojuezif" (weapon) {elec, rCorr}
   (You acquired it on level 8 of the Dungeon)

   It occasionally discharges a powerful burst of electricity upon striking a
   foe.
   rCorr:     It protects you from acid and corrosion.
 J - the +10 morningstar "Eos" {elec, Halo rElec}
   (You found it on level 7 of the Dungeon)

   It occasionally discharges a powerful burst of electricity upon striking a
   foe.
   It grants its wielder a halo, revealing invisible creatures and increasing
   accuracy against all within it other than the wielder.
   rElec:     It insulates you from electricity.
 Y - a +2 quick blade of flaming
Missiles
 E - 3 throwing nets (quivered)
Armour
 a - the +3 hat of Pondering (worn) {ponderous, Will+ MP+10 Int+5}
   (You took it off Gastronok on level 3 of the Lair of Beasts)

   Int:       It affects your intelligence (+5).
   MP:        It affects your magic capacity (+10).
   Will:      It increases your willpower.
 n - a +1 cloak (worn)
 y - a +0 tower shield (worn)
 N - a +2 helmet of intelligence
 S - the +2 pair of boots "Wubes" (worn) {rElec Slay+5 Stlth+}
   (You acquired it on level 10 of the Dungeon)

   Slay:      It affects your accuracy & damage with ranged weapons and melee
   (+5).
   rElec:     It insulates you from electricity.
   Stlth:     It makes you more stealthy.
 U - the +4 storm dragon scales "Seih" (worn) {rElec rC- SInv Stlth+}
   (You found it on level 10 of the Dungeon)

   rC:        It makes you vulnerable to cold.
   rElec:     It insulates you from electricity.
   SInv:      It lets you see invisible.
   Stlth:     It makes you more stealthy.
Jewellery
 b - a ring of ice
 e - an amulet of reflection (around neck)
 g - a +4 ring of slaying (left claw)
 x - a +4 ring of protection
 F - an amulet of regeneration
 M - a ring of poison resistance
 Q - a ring of wizardry
 R - a +4 ring of protection
 T - a +6 ring of strength (right claw)
Wands
 s - a wand of flame (16)
 B - a wand of polymorph (17)
 G - a wand of iceblast (13)
 P - a wand of paralysis (20)
 V - a wand of light (5)
Scrolls
 o - 3 scrolls of butterflies
 I - 4 scrolls of teleportation
 O - 8 scrolls of identify
 W - 5 scrolls of blinking
 Z - a scroll of enchant armour
Potions
 d - 4 potions of might
 f - 2 potions of ambrosia
 i - 2 potions of berserk rage
 l - 9 potions of curing
 q - 7 potions of flight
 t - 2 potions of cancellation
 u - a potion of magic
 v - 6 potions of heal wounds
 D - 3 potions of resistance


   Skills:
 + Level 10.8 Fighting
 * Level 10.8 Axes
 + Level 9.9 Armour
 + Level 9.8 Shields
 + Level 5.7 Spellcasting
 * Level 13.9 Necromancy
 + Level 7.2 Invocations


You had 20 spell levels left.
You knew the following spells:

 Your Spells              Type           Power      Damage    Failure   Level
a - Vampiric Draining     Necr           75%        2d11      1%          3

Your spell library contained the following spells:

 Spells                   Type           Power      Damage    Failure   Level
 Necrotise                Necr           100%       1d9       1%          1
 Agony                    Necr           75%        N/A       9%          5
 Beastly Appendage        Tmut           16%        N/A       69%         1
 Foxfire                  Conj/Fire      32%        2x1d5     69%         1
 Wereblood                Tmut           8%         N/A       83%         2
 Ignite Poison            Fire/Tmut/Pois 8%         N/A       96%         3
 Kindle Blastsparks       Fire/Tloc/Air  16%        2d11      96%         3
 Spider Form              Tmut/Pois      8%         N/A       96%         3
 Airstrike                Air            4%         2d(1-17)  100%        4
 Fulminant Prism          Conj/Hex       4%         3d6       100%        4
 Iskenderun's Mystic Bla  Conj/Tloc      8%         2d4       100%        4
 Sticky Flame             Conj/Fire      8%         2d3       100%        4
 Summon Lightning Spire   Summ/Air       8%         N/A       100%        4
 Blade Hands              Tmut           4%         N/A       100%        5
 Fireball                 Conj/Fire      4%         3d4       100%        5
 Irradiate                Conj/Tmut      4%         3d13      100%        5
 Lee's Rapid Deconstruct  Erth           4%         3d6*      100%        5
 Lightning Bolt           Conj/Air       4%         1d15      100%        5
 Starburst                Conj/Fire      4%         6d3       100%        6
 Dragon Form              Tmut           4%         N/A       100%        7
 Ignition                 Fire           4%         3d4       100%        8


Dungeon Overview and Level Annotations

Branches:
Dungeon (13/15)            Temple (0/1) D:7            Lair (3/5) D:11
  Swamp (0/4) Lair:3        Snake (0/4) Lair:3          Orc (0/2) D:11
  Sewer (visited)          Bailey (visited)         Volcano (visited)
 Vaults: D:13-14

Altars:
Ashenzari
Cheibriados
Dithmenos
Gozag
Kikubaaqudgha
Makhleb
Qazlal
Ru
Trog
Uskayaw
Wu Jian
Xom
Yredelemnul

Shops:
D:6 [   D:8 [

Portals:
Trove: D:13 (show slimy rune of Zot)

Annotations:
D:10 exclusion: orange crystal statue
D:13 Sonja
Lair:2 exclusion: 4 oklob plants


Innate Abilities, Weirdness & Mutations

You have claws for hands.
You are completely covered in yellow scales. (AC +4, rCorr)
A meltable icy envelope protects you from harm. (AC +0)
A meltable shield of frost defends you. (SH +0)
You are robust. (+10% HP)


Message History

No target in view!
You now have 4059 gold pieces (gained 13).
O - 8 scrolls of identify (gained 1)
A lindwurm comes into view.
Found 5 stones, 5 poisoned darts and a knobbly jade ring.
The lindwurm roars!
You hear a roar!
A lindwurm comes into view. x2
The lindwurm moves out of view.
There are monsters nearby!
There are monsters nearby!
There are monsters nearby!
There are monsters nearby!
No reachable target in view!
No reachable target in view!
No reachable target in view!
No reachable target in view!
No reachable target in view!
No reachable target in view!
You feel very buoyant.
You fly up into the air.
The lindwurm roars!
A lindwurm comes into view.
The lindwurm breathes flames at you. The blast of flame hits you!!
Your icy defenses dissipate!
The lindwurm breathes flames at you. The blast of flame hits you!
The lindwurm breathes flames at you. The blast of flame hits you!
The lindwurm breathes flames at you. The blast of flame hits you!
The lindwurm breathes flames at you. The blast of flame hits you!!
* * * LOW HITPOINT WARNING * * *
The lindwurm breathes flames at you. The blast of flame hits you!!
* * * LOW HITPOINT WARNING * * *
The lindwurm breathes flames at you. The blast of flame hits you!
You die...

#.≈≈≈≈≈...# #.≈§§≈≈≈.##(=
##.§§§§§...# # #..§§§§≈..#.(
#..§≈§§.§..# ## #..§§≈§≈≈..##
#..§§§≈≈§.### .##
#..§§§≈≈≈k.k##...≈§≈≈≈...##
..### #...≈≈§≈≈≈kk..≈≈§≈≈≈≈....#
......#...≈≈≈≈≈≈§≈≈§≈§§§≈≈.....#
.>...#.P...≈≈§≈≈≈≈§≈≈≈≈≈§......#
............≈≈§≈@§§§§≈§≈.....###
........#...≈.≈§§§§§≈§≈......#
....#. ##.....≈§§§.........##
....# ###.....≈.........#.#
..... #..##.......#..#### .....
######P##......# .....
####P###..# ....# #####..# ...##
#.#..#


You could see 4 lindwurms.

Vanquished Creatures
  Gastronok (Lair:3)
  A slime creature (D:12)
  Snorg (D:11)
  Harold (D:11)
  2 hydras (Lair:2)
  2 boulder beetles
  5 two-headed ogres
  Urug (D:12)
  A deep elf archer (Volcano)
  A lindwurm (Lair:3)
  5 deep elf pyromancers (Volcano)
  A cyclops (D:12)
  3 ugly things
  Maurice (D:11)
  2 gargoyles
  Joseph (D:7)
  A torpor snail (Lair:1)
  5 cane toads
  5 komodo dragons
  2 unseen horrors
  2 kobold demonologists (D:11)
  3 rime drakes
  3 trolls
  A hornet (D:9)
  A polar bear (Lair:3)
  Eustachio (D:4)
  5 fire elementals (Volcano)
  2 shadows
  3 vampires
  43 yaks
  2 wraiths
  7 wyverns
  5 basilisks
  8 vampire mosquitoes (D:12)
  Grum (D:9)
  3 steam dragons
  A naga (Lair:3)
  16 water moccasins
  A floating eye (Lair:2)
  An acid dragon (D:12)
  A hell hound (Volcano)
  9 orc warriors
  2 sky beasts (D:7)
  6 black bears
  3 centaurs
  2 ogres
  28 wolves
  7 kobold brigands
  Blork the orc (D:6)
  7 bullfrogs
  A necrophage (D:7)
  3 gnoll sergeants
  2 scorpions
  11 wights (D:7)
  The ghost of IdlyInterested the Chopper, a weakling DsWn (D:3)
  A howler monkey (D:5)
  An iron imp (D:10)
  3 hounds
  6 jellies
  Crazy Yiuf (D:6)
  A gnoll bouda (D:8)
  5 orc priests
  2 iguanas (D:6)
  Terence (D:3)
  A hell rat (Sewer)
  2 orc wizards
  16 gnolls
  5 adders
  3 river rats (Sewer)
  2 shadow imps
  A white imp (D:6)
  3 ufetubi
  A worm (D:3)
  A dart slug (D:1)
  28 orcs
  8 endoplasms
  2 giant cockroaches
  6 goblins
  8 hobgoblins
  4 quokkas
  4 ball pythons
  8 bats
  4 frilled lizards
  32 kobolds
  9 rats
404 creatures vanquished.

Vanquished Creatures (others)
  A boulder beetle (D:13)
  A deep elf pyromancer (Volcano)
  An orc priest (D:9)
  55 fungi
  57 plants
115 creatures vanquished.

Grand Total: 519 creatures vanquished

Notes
Turn   | Place    | Note
-------+----------+-------------------------------------------
     0 | D:1      | purpskrrrp the Demonspawn Fighter began the quest for the
                  | Orb.
     0 | D:1      | Reached XP level 1. HP: 18/18 MP: 1/1
    53 | D:1      | Found a faded altar of an unknown god.
   121 | D:1      | Prayed at the altar of an unknown god.
   121 | D:1      | Became a worshipper of Dithmenos the Shadowed
   121 | D:1      | Reached * piety under Dithmenos
   388 | D:1      | Gained mutation: A meltable shield of frost defends you.
                  | (SH +0) [demonic ancestry]
   388 | D:1      | Reached XP level 2. HP: 24/24 MP: 2/2
  1725 | D:2      | Reached XP level 3. HP: 29/29 MP: 3/3
  2045 | D:3      | Noticed Terence
  2048 | D:3      | Reached ** piety under Dithmenos
  2052 | D:3      | Killed Terence
  2053 | D:3      | Reached XP level 4. HP: 26/37 MP: 4/4
  2095 | D:3      | Found a runed translucent door.
  2100 | D:3      | Noticed IdlyInterested's ghost (weakling DsWn)
  2616 | D:3      | Killed IdlyInterested's ghost
  2617 | D:3      | Gained mutation: You are partially covered in yellow
                  | scales. (AC +2) [demonic ancestry]
  2617 | D:3      | Reached XP level 5. HP: 37/42 MP: 5/5
  2880 | D:4      | Identified the +7 hand axe of the Middle {vorpal, rC+}
  2919 | D:4      | Found a glowing drain.
  2930 | Sewer    | Entered a sewer
  3073 | D:4      | Gained mutation: You are mostly covered in yellow scales.
                  | (AC +3) [demonic ancestry]
  3073 | D:4      | Reached XP level 6. HP: 45/49 MP: 6/6
  3106 | D:4      | Noticed Eustachio
  3133 | D:4      | Killed Eustachio
  3247 | D:4      | Gained mutation: You have sharp fingernails. [demonic
                  | ancestry]
  3247 | D:4      | Reached XP level 7. HP: 55/55 MP: 7/7
  3297 | D:4      | Found a bloodstained altar of Trog.
  3547 | D:5      | Entered Level 5 of the Dungeon
  3598 | D:5      | Found a sacrificial altar of Ru.
  3789 | D:5      | Reached *** piety under Dithmenos
  3790 | D:5      | Reached skill level 5 in Fighting
  4077 | D:5      | Identified the +6 quarterstaff of Narrow Action {drain,
                  | *Corrode Will+ Str+2 Int+3}
  4224 | D:5      | Found a basalt altar of Yredelemnul.
  4307 | D:5      | Noticed an angel
  4458 | D:6      | Reached skill level 5 in Shields
  4523 | D:6      | Reached skill level 5 in Armour
  4523 | D:6      | Gained mutation: You are completely covered in yellow
                  | scales. (AC +4, rCorr) [demonic ancestry]
  4523 | D:6      | Reached XP level 8. HP: 63/63 MP: 8/8
  4578 | D:6      | Noticed Blork the orc
  4579 | D:6      | Found Jassox's Armour Boutique.
  4588 | D:6      | Killed Blork the orc
  4946 | D:6      | Found a runed translucent door.
  4947 | D:6      | Noticed Crazy Yiuf
  4986 | D:6      | Reached skill level 5 in Axes
  5430 | D:6      | Killed Crazy Yiuf
  5570 | D:7      | Found a shimmering altar of Xom.
  5728 | D:7      | Gained mutation: You have very sharp fingernails. [demonic
                  | ancestry]
  5728 | D:7      | Reached XP level 9. HP: 54/71 MP: 9/9
  5746 | D:7      | Found a burning altar of Makhleb.
  5746 | D:7      | Found the +10 morningstar "Eos" {elec, Halo rElec}
  5828 | D:7      | Reached **** piety under Dithmenos
  6134 | D:7      | Noticed Joseph
  6143 | D:7      | Killed Joseph
  6394 | D:7      | Killed an unseen horror
  6536 | D:7      | Gained mutation: A meltable icy envelope protects you from
                  | harm. (AC +0) [demonic ancestry]
  6536 | D:7      | Reached XP level 10. HP: 80/80 MP: 10/10
  6859 | D:7      | Found a staircase to the Ecumenical Temple.
  7339 | D:8      | Found a hide-covered altar of Uskayaw.
  7812 | D:8      | Found a shadowy altar of Dithmenos.
  7880 | D:8      | Found Xefixkei's Antique Armour Shop.
  7885 | D:8      | Bought a runed helmet for 172 gold pieces
  8155 | D:8      | Found a broken altar of Ashenzari.
  8414 | D:8      | Reached ***** piety under Dithmenos
  8558 | D:8      | Identified 3 scrolls of acquirement
  8558 | D:8      | Acquired 1070 gold pieces
  8559 | D:8      | Acquired a manual of Necromancy
  8562 | D:8      | Acquired the +6 broad axe "Ojuezif" {elec, rCorr}
  8608 | D:9      | Found a flagged portal.
  8620 | Bailey   | Entered a bailey
  8672 | Bailey   | Reached skill level 1 in Necromancy
  8695 | Bailey   | Reached skill level 2 in Necromancy
  9052 | D:9      | Reached skill level 1 in Spellcasting
  9052 | D:9      | Reached skill level 3 in Necromancy
  9229 | D:9      | Noticed a two-headed ogre
  9238 | D:9      | Killed a two-headed ogre
  9239 | D:9      | Reached skill level 4 in Necromancy
  9376 | D:9      | Found a stormy altar of Qazlal.
  9408 | D:9      | Noticed a two-headed ogre
  9414 | D:9      | Killed a two-headed ogre
  9415 | D:9      | Reached skill level 5 in Necromancy
  9415 | D:9      | Gained mutation: You have claws for hands. [demonic
                  | ancestry]
  9415 | D:9      | Reached XP level 11. HP: 60/87 MP: 12/14
  9498 | D:9      | Noticed Grum
  9503 | D:9      | Killed Grum
  9797 | D:9      | Found an ornate altar of the Wu Jian Council.
  9879 | D:9      | Reached skill level 6 in Necromancy
 10019 | D:9      | Found an ancient bone altar of Kikubaaqudgha.
 10168 | D:10     | Entered Level 10 of the Dungeon
 10383 | D:10     | Found an opulent altar of Gozag.
 10537 | D:10     | Noticed a two-headed ogre
 10545 | D:10     | Killed a two-headed ogre
 10827 | D:10     | Noticed an orange crystal statue
 10832 | D:10     | Noticed a two-headed ogre
 10833 | D:10     | Identified the +4 storm dragon scales "Seih" {rElec rC-
                  | SInv Stlth+}
 10889 | D:10     | Gained mutation: You are robust. (+10% HP) [potion of
                  | mutation]
 10890 | D:10     | Acquired 838 gold pieces
 11012 | D:10     | Found a snail-covered altar of Cheibriados.
 11059 | D:10     | Fell from the grace of Dithmenos
 11059 | D:10     | Became a worshipper of Cheibriados the Contemplative
 11100 | D:10     | Identified the +1 shortbow of Vann {venom, rF+ Int+4 Dex+5}
 11212 | D:10     | Acquired the +2 pair of boots "Wubes" {rElec Slay+5 Stlth+}
 11291 | D:11     | Noticed a purple ugly thing
 11292 | D:11     | Noticed Maurice
 11297 | D:11     | Killed a purple ugly thing
 11300 | D:11     | Reached skill level 7 in Necromancy
 11300 | D:11     | Killed Maurice
 11301 | D:11     | Reached skill level 1 in Invocations
 11385 | D:11     | Found a staircase to the Orcish Mines.
 11400 | D:11     | Noticed Snorg
 11722 | D:11     | Reached * piety under Cheibriados
 11723 | D:11     | Reached skill level 8 in Necromancy
 11756 | D:11     | Found a staircase to the Lair.
 11826 | D:11     | Killed Snorg
 12074 | D:11     | Noticed Harold
 12083 | D:11     | Killed Harold
 12094 | D:11     | Noticed a boulder beetle
 12104 | D:11     | Killed a boulder beetle
 12105 | D:11     | Reached skill level 9 in Necromancy
 12109 | D:11     | Noticed a catoblepas
 12426 | D:12     | Noticed a cyan ugly thing
 12435 | D:12     | Killed a cyan ugly thing
 12436 | D:12     | Gained mutation: A meltable icy envelope protects you from
                  | harm. (AC +0) [demonic ancestry]
 12436 | D:12     | Reached XP level 12. HP: 79/105 MP: 17/17
 12529 | D:12     | Reached ** piety under Cheibriados
 12808 | D:12     | Noticed a two-headed ogre
 12808 | D:12     | Noticed a two-headed ogre
 12818 | D:12     | Killed a two-headed ogre
 12823 | D:12     | Reached skill level 10 in Necromancy
 12826 | D:12     | Killed a two-headed ogre
 13345 | D:12     | Noticed a boulder beetle
 13495 | D:12     | Noticed Urug
 13500 | D:12     | Killed Urug
 13635 | D:13     | Found a portal to a secret trove of treasure.
 13646 | D:13     | Learned a level 3 spell: Vampiric Draining
 13828 | D:13     | Noticed a boulder beetle
 13834 | D:13     | Noticed Sonja
 13844 | D:13     | Killed a boulder beetle
 13845 | D:13     | Reached skill level 10 in Fighting
 13845 | D:13     | Reached skill level 11 in Necromancy
 14097 | D:12     | Reached skill level 5 in Invocations
 14506 | D:12     | Was forgiven by Dithmenos
 14554 | Lair:1   | Entered Level 1 of the Lair of Beasts
 14554 | Lair:1   | Noticed a boulder beetle
 14570 | Lair:1   | Killed a boulder beetle
 14588 | Lair:1   | Reached *** piety under Cheibriados
 14892 | Lair:1   | Reached XP level 13. HP: 90/113 MP: 20/20
 14985 | Lair:1   | Reached skill level 12 in Necromancy
 15066 | Lair:1   | Reached **** piety under Cheibriados
 15070 | Lair:1   | Reached skill level 10 in Axes
 15070 | Lair:1   | Reached skill level 5 in Spellcasting
 15448 | Lair:2   | Paralysed by a floating eye for 2 turns
 15945 | Lair:2   | Paralysed by a floating eye for 4 turns
 15974 | Lair:2   | Reached ***** piety under Cheibriados
 16052 | Lair:2   | Identified the +2 sling of Reason {venom, SInv}
 16459 | Lair:3   | Found a staircase to the Swamp.
 16515 | Lair:3   | Found a dark tunnel.
 16533 | Volcano  | Entered a volcano
 16587 | Volcano  | Reached skill level 13 in Necromancy
 17040 | Lair:3   | Found a staircase to the Snake Pit.
 17380 | Lair:3   | Noticed Gastronok
 17391 | Lair:3   | Killed Gastronok
 17572 | Lair:3   | Killed from afar by a lindwurm

Illustrated notes

Levels and vault maps discovered:
D:1:      mrwooster_arrival_statue_2, layout_loops_corners,
          basic_ecumenical_altar
D:2:      layout_basic
D:3:      layout_rooms, ebering_ghost_sewer_d, kennysheep_generic_room_10,
          uniq_terence
D:4:      layout_cave_pools, trog_butcher_becter, portal_sewer_entry_d,
          uniq_eustachio
D:5:      layout_gridville, hangedman_ru_absence, grunt_temple_overflow_holy_war
D:6:      layout_basic, kennysheep_diamond, uniq_crazy_yiuf_cottage,
          uniq_blork_the_orc
D:7:      minmay_polygon_palace, layout_loops_ring,
          mainiacjoe_overflow_surrounded_room, bloody_makhleb,
          lemuel_temple_firewalk_a, minmay_statues_item, grunt_ministairs_12,
          uniq_joseph
D:8:      layout_layer_cave, eat_drink_and_be_merry_uskayaw,
          nicolae_dithmenos_through_a_glass_darkly, lemuel_tele_altar,
          serial_shops, shop_fountains
D:9:      layout_roguey, nicolae_qazlal_eye_of_the_storm,
          pdpol_wu_jian_five_deadly_venoms, lemuel_coloured_pillars_altar,
          enter_bailey_2, uniq_grum
D:10:     layout_roguey, slow_altar_2,
          mainiacjoe_overflow_concentric_impassable, minmay_protected_statue
D:11:     layout_small_grid, due_lair_maze_entry_diamond, orc_0_dummy,
          uniq_harold, uniq_maurice, uniq_snorg
D:12:     layout_basic, grunt_ministairs_4, st_stairs_2, uniq_urug
D:13:     layout_gridville, david_vaults_5, nicolae_trove_entry_free_sample,
          roderic_nine_men_s_morris, uniq_sonja, uniq_erolcha
Lair:1:   layout_roguey
Lair:2:   layout_roguey, disabler_island
Lair:3:   layout_cave_pods, swamp_mist, guppyfry_snake_entry_island,
          nicolae_volcano_entry_hallway, minmay_lindwurm_lava,
          grunt_megastairs_1, uniq_gastronok

Skill      XL: |  1  2  3  4  5  6  7  8  9 10 11 12 13 |
---------------+----------------------------------------+-----
Axes           | 2 3 4 5 6 7 8 9 10 | 10.8
Armour         | 3 4 5 6 7 8 9 |  9.9
Shields        | 3 4 5 6 7 8 9 |  9.8
Fighting       | 4 5 6 7 8 9 10 | 10.8
Necromancy     | 5 9 11 13 | 13.9
Spellcasting   | 2 3 4 5 |  5.7
Invocations    | 3 5 7 |  7.2

Action                   |  1- 3 |  4- 6 |  7- 9 | 10-12 | 13-15 || total
-------------------------+-------+-------+-------+-------+-------++-------
Melee: War axe           |    95 |    62 |       |       |       ||   157
       Hand axe          |       |    64 |   203 |       |       ||   267
       Morningstar       |       |       |    75 |    77 |       ||   152
       Broad axe         |       |       |       |   427 |   158 ||   585
Throw: Throwing net      |       |       |       |     1 |       ||     1
  Use: Scroll            |     5 |     5 |     1 |    24 |     2 ||    37
       Potion            |       |     1 |       |     3 |     1 ||     5
Armor: Scale mail        |    36 |    34 |   113 |   162 |       ||   345
       Storm dragon scal |       |       |       |   157 |   121 ||   278
Dodge: Dodged            |    40 |    39 |    34 |   115 |    39 ||   267
Block: Buckler           |    73 |    85 |       |       |       ||   158
       Tower shield      |       |     7 |   384 |   796 |   249 ||  1436
       Reflection        |       |       |     4 |    53 |    10 ||    67

Table legend: (Time is in decaauts)
 A = Elapsed time spent in this place.
 B = Non-inter-level travel time spent in this place.
 C = Inter-level travel time spent in this place.
 D = Time resting spent in this place.
 E = Time spent auto-exploring this place.
 F = Levels seen in this place.
 G = Mean time per level.
                   A        B        C        D        E       F      G
               +--------+--------+--------+--------+--------+-----+--------+
         Total |  20473 |  19351 |   1122 |   1652 |  13681 |  19 | 1077.5 |
       Dungeon |  15250 |  14349 |    901 |   1547 |   9983 |  13 | 1173.1 |
          Lair |   4290 |   4070 |    220 |    105 |   3271 |   3 | 1430.0 |
         Sewer |    125 |    125 |      0 |      0 |     15 |   1 |  125.0 |
        Bailey |    409 |    409 |      0 |      0 |    196 |   1 |  409.0 |
       Volcano |    397 |    397 |      0 |      0 |    214 |   1 |  397.0 |
               +--------+--------+--------+--------+--------+-----+--------+

Top non-repeatable levels by time:
    D:12: 2292 daAuts
     D:7: 1860 daAuts
  Lair:2: 1655 daAuts
    D:11: 1466 daAuts
     D:8: 1335 daAuts
  Lair:1: 1321 daAuts
  Lair:3: 1313 daAuts
     D:9: 1207 daAuts
     D:6: 1202 daAuts
    D:10: 1150 daAuts
     D:1: 1007 daAuts
     D:2: 975 daAuts
     D:3: 916 daAuts
     D:5: 838 daAuts
     D:4: 638 daAuts
